 Dungeon Crawl Stone Soup version 0.25.1-4-g9407a263a5 (webtiles) character file.

Game seed: 17477275617799883983

35 Gabide the Ducker (level 3, 0/27 HPs)
             Began as a Human Gladiator on Nov 28, 2020.
             Succumbed to an adder's poison
             ... on level 2 of the Dungeon.
             The game lasted 00:04:48 (1163 turns).

Gabide the Ducker (Human Gladiator)                 Turns: 1163, Time: 00:04:49

Health: 0/27       AC:  4    Str: 14    XL:     3   Next: 55%
Magic:  3/3        EV: 13    Int:  8    God:
Gold:   56         SH:  0    Dex: 15    Spells: 2/2 levels left

rFire    . . .     SeeInvis .   a - +0 trident
rCold    + . .     Gourm    .   (no shield)
rNeg     . . .     Faith    .   b - +0 leather armour
rPois    .         Spirit   .   c - +0 helmet
rElec    +         Reflect  .   (no cloak)
rCorr    .         Harm     .   (no gloves)
MR       .....                  (no boots)
Stlth    +.........             (no amulet)
HPRegen  0.09/turn              e - ring of protection from cold
MPRegen  0.08/turn              (no ring)

@: lethally poisoned (0 -> -4), hasted, very quick
A: blink, electricity resistance
a: Blink


You were on level 2 of the Dungeon.
You were hungry.

You visited 1 branch of the dungeon, and saw 2 of its levels.

You collected 56 gold pieces.

Inventory:

Hand Weapons
 a - a +0 trident (weapon)
Missiles
 g - 5 boomerangs (quivered)
Armour
 b - a +0 leather armour (worn)
 c - a +0 helmet (worn)
 h - a +0 chain mail
 l - a +2 hat
Jewellery
 e - a ring of protection from cold (left hand)
Scrolls
 i - a scroll of magic mapping {unknown}
Potions
 j - a potion of haste
Comestibles
 f - 5 rations


   Skills:
 + Level 2.0 Fighting
 * Level 3.5 Polearms
 + Level 2.3 Throwing
 + Level 0.1 Armour
 * Level 3.5 Dodging


You had 2 spell levels left.
You didn't know any spells.
Your spell library was empty.

Dungeon Overview and Level Annotations

Branches:
Dungeon (2/15)

Altars:


Innate Abilities, Weirdness & Mutations

You can translocate small distances at will.
You are resistant to electric shocks. (rElec)


Message History

You hit the adder but do no damage.
The adder is moderately wounded.
The adder bites you but does no damage.
You hit the adder.
The adder is heavily wounded.
You feel sick. The adder bites you.
* * * LOW HITPOINT WARNING * * *
You puncture the adder!
You kill the adder!
There is a lethal amount of poison in your body!
e - a ring of protection from cold (left hand)
* * * LOW HITPOINT WARNING * * *
You feel sick.
You see here a pink potion.
d - a pink potion It was a potion of mutation.
You feel extremely strange.
You feel insulated.
You begin to heal more quickly.
Your rate of healing slows.
You feel jittery.
There is a lethal amount of poison in your body!
You die...

.............#
.........<.....#
..#............###
................#
# #..............#
#.##.......).....#
#.............####
##...<......#
#.....@..รท.#
###.#####.#..# #.
#.#.## #. ..... ..
....## #. ..## #.
..(. ##


There were no monsters in sight!

Vanquished Creatures
  2 adders (D:2)
  A dart slug (D:1)
  A giant cockroach (D:1)
  A kobold (D:1)
  A quokka (D:2)
  4 bats
  7 rats
17 creatures vanquished.

Notes
Turn   | Place    | Note
-------+----------+-------------------------------------------
     0 | D:1      | Gabide the Human Gladiator began the quest for the Orb.
     0 | D:1      | Reached XP level 1. HP: 16/16 MP: 1/1
   142 | D:1      | Reached XP level 2. HP: 22/22 MP: 2/2
   872 | D:2      | Reached XP level 3. HP: 8/27 MP: 3/3
  1159 | D:2      | HP: 1/27 [poisoned by an adder]
  1161 | D:2      | Gained mutation: You are resistant to electric shocks.
                  | (rElec) [potion of mutation]
  1161 | D:2      | Gained mutation: Your natural rate of healing is unusually
                  | fast. [potion of mutation]
  1161 | D:2      | Lost mutation: Your natural rate of healing is unusually
                  | fast. [potion of mutation]
  1161 | D:2      | Gained mutation: You can translocate small distances at
                  | will. [potion of mutation]
  1163 | D:2      | Succumbed to an adder's poison

Illustrated notes

Levels and vault maps discovered:
D:1:      heliophobic_arrival_battle_scene, layout_loops_ring, serial_forest,
          infiniplex_forest_clump_large, infiniplex_forest_straight_4,
          infiniplex_forest_lined_4_way, infiniplex_forest_corner_2,
          infiniplex_forest_lined_2, infiniplex_forest_diagonal,
          infiniplex_forest_zigzag_1, infiniplex_forest_lined_room_,
          minmay_door_square, minmay_misc_feat_plants, st_stairs_11
D:2:      layout_loops_ring, first_ration, minmay_pentomino_r2, uniq_natasha,
          uniq_robin, uniq_crazy_yiuf_cottage

Action                   || total
-------------------------++-------
Melee: Trident           ||    63
Throw: Boomerang         ||    13
       Throwing net      ||     3
  Use: Scroll            ||     3
       Potion            ||     2
Armor: Leather armour    ||    25
Dodge: Dodged            ||    53
